 Dungeon Crawl Stone Soup version 0.17.1-1-g73c8601 (webtiles) character file.

7287 hexophile the Cleaver (level 10, -3/139 HPs)
             Began as a Minotaur Berserker on Dec 24, 2015.
             Was an Elder of Trog.
             Killed from afar by an ice dragon (24 damage)
             ... with a blast of cold
             ... in an ice cave on Dec 25, 2015.
             The game lasted 00:11:48 (6610 turns).

hexophile the Cleaver (Minotaur Berserker)          Turns: 6610, Time: 00:11:48

Health: -3/139     AC: 17    Str: 29    XL:     10   Next: 89%
Magic:  9/9        EV: 11    Int:  5    God:    Trog [****..]
Gold:   431        SH:  0    Dex: 10    Spells: 0 memorised, 9 levels left

rFire  . . .     SeeInvis .     t - +1 war axe (chop)
rCold  . . .     Clarity  .     n - +3 chain mail {rPois} {rPois}
rNeg   + . .     SustAt   .     (no shield)
rPois  +         Gourm    .     (helmet restricted)
rElec  .         Spirit   .     w - +0 cloak
rCorr  .         Warding  .     (no gloves)
rMut   .         Stasis   .     y - +1 pair of boots
MR     ++...                    (no amulet)
Stlth  ..........               v - ring of positive energy {rN+}
                                s - ring of flight {+Fly}

@: berserking (expiring), regenerating, very quick, very resistant to hostile
enchantments, extremely unstealthy
A: retaliatory headbutt, horns 2
a: Berserk, Trog's Hand, Brothers in Arms, Burn Spellbooks, Renounce Religion,
Evoke Flight


You were in an ice cave.
You worshipped Trog.
Trog was greatly pleased with you.
You were not hungry.

You visited 1 branch of the dungeon, and saw 10 of its levels.
You also visited: Ice Cave.

You collected 431 gold pieces.


Innate Abilities, Weirdness & Mutations

You reflexively headbutt those who attack you in melee.
You have a pair of horns on your head.

Inventory:

Hand Weapons
 o - a +0 club of chaos
 t - a +1 war axe of chopping (weapon)
 D - a +1 hand axe of flaming
Missiles
 g - 74 poisoned needles
Armour
 n - a +3 chain mail of poison resistance (worn) {rPois}
 w - a +0 cloak (worn)
 y - a +1 pair of boots (worn)
Jewellery
 m - the ring of Beogh's Hatred {+Inv rPois rC+ MR+, unknown}
   (You found it on level 9 of the Dungeon)

   [ring of invisibility]

   It protects you from cold.
   It protects you from poison.
   It affects your resistance to hostile enchantments.
   It lets you turn invisible.
 s - a ring of flight (left hand) {+Fly}
 v - a ring of positive energy (right hand) {rN+}
 I - the amulet of the Morning {Gourm rC- Str+8 Stlth+, unknown}
   (You found it on level 10 of the Dungeon)

   [amulet of the gourmand]

   It allows you to eat raw meat even when not hungry.
   It affects your strength (+8).
   It makes you vulnerable to cold.
   It makes you more stealthy.
Wands
 b - a wand of flame (28)
 e - a wand of enslavement (13)
 C - a wand of confusion (32)
Scrolls
 a - 2 scrolls of fear {unknown}
 c - 5 scrolls of magic mapping
 f - 2 scrolls of blinking {unknown}
 k - 2 scrolls of enchant armour
 l - 2 scrolls of teleportation
 x - 5 scrolls of remove curse
 z - a scroll of noise {unknown}
 E - a scroll of immolation {unknown}
 F - a scroll of random uselessness {unknown}
 G - 2 scrolls of identify
 J - a scroll of vulnerability {unknown}
Potions
 d - a potion of degeneration {unknown}
 h - 3 potions of heal wounds
 i - 2 potions of agility {Stlth+ Dex+5 EV+5}
 j - a potion of invisibility {unknown}
 p - 2 potions of curing
 q - 5 potions of flight
 A - a potion of brilliance {unknown}
 B - a potion of berserk rage
Books
 u - a book of Ice

   Spells                             Type                      Level
   a - Ice Form                       Ice/Transmutation            4
   b - Metabolic Englaciation         Hexes/Ice                    5
   c - Ozocubu's Refrigeration        Ice                          6
   d - Bolt of Cold                   Conjuration/Ice              6
   e - Freezing Cloud                 Conjuration/Ice/Air          6
   f - Simulacrum                     Ice/Necromancy               6
   Trog disapproves of the use of such an item.
Comestibles
 r - 3 bread rations


You had 9 spell levels left.
You didn't know any spells.


   Skills:
 - Level 10.2 Fighting
 + Level 14.7 Axes
 * Level 7.0 Armour
 * Level 6.3 Dodging

Dungeon Overview and Level Annotations

Branches:
Dungeon (11/15)            Temple (0/1) D:6
   Lair: D:8-11         Orc: D:9-12

Altars:
Fedhas
Kikubaaqudgha
Nemelex Xobeh
Ru
Sif Muna
Trog
Vehumet
Xom
Zin

Shops:
D:6 :   D:10 ?

Vault maps used:
D:1:      lightli_arrival_maybe_door_vault, st_stairs_6
D:2:      grunt_ministairs_2, trog_butcher_becter
D:3:      tgw_xom, uniq_jessica, uniq_iyjb
D:4:      first_bread, fedhas_altar_2, uniq_duvessa
D:5:      grunt_temple_overflow_open, led_sif_pool, trog_hazing_becter,
          uniq_eustachio
D:6:      lemuel_slime, kennysheep_little_box, minmay_temple_entry_fiery,
          serial_shops, shop_fountains, basic_altar
D:7:      kennysheep_mini, nemelex_dance_club_becter
D:9:      minmay_weird_star, basic_altar
D:10:     serial_shops, shop
D:11:     dpeg_oklobed_lair, portal_ice_cave_entry_imps, serial_shops,
          shop_fountains, uniq_maurice
IceCv:    ice_cave_small_dragons
You       could see 2 ice dragons.


Message History

You lost 10 HP.
You have now: 92/139 HP.
You slice the ice dragon!! Your headbutt misses the ice dragon.
The ice dragon is moderately wounded.
You hit the ice dragon.
The ice dragon is heavily wounded.
The ice dragon closely misses you.
The ice dragon claws you but does no damage.
The ice dragon tramples you but does no damage.
Unknown command.
You slash the ice dragon!
The ice dragon is heavily wounded.
You slash the ice dragon!
The ice dragon is heavily wounded.
The ice dragon bites you but does no damage.
The ice dragon barely misses you.
The ice dragon tramples you but does no damage.
You completely miss the ice dragon.
The ice dragon is heavily wounded.
You slash the ice dragon!
The ice dragon is heavily wounded.
The ice dragon breathes frost at you. The blast of cold hits you!
Unknown command. !MASSIVE DAMAGE!
YOU LOST 31 HP!
You have now: 61/139 HP.
You barely miss the ice dragon. You headbutt the ice dragon!
The ice dragon is severely wounded.
You closely miss the ice dragon.
The ice dragon is heavily wounded.
The ice dragon bites you but does no damage.
The ice dragon claws you!
* * * LOW HITPOINT WARNING * * *
The ice dragon tramples you!
* * * LOW HITPOINT WARNING * * *
You stumble backwards!
You are too injured to fight recklessly!
You lost 16 HP.
You have now: 45/139 HP.
The ice dragon bites you!
* * * LOW HITPOINT WARNING * * *
The ice dragon claws you!
* * * LOW HITPOINT WARNING * * *
The ice dragon tramples you!
* * * LOW HITPOINT WARNING * * *
You stumble backwards!
You lost 25 HP.
You have now: 20/139 HP.
You hit the ice dragon. You headbutt the ice dragon.
The ice dragon is heavily wounded.
The ice dragon breathes frost at you. The blast of cold hits you!
You die...

Action                   |  1- 3 |  4- 6 |  7- 9 | 10-12 || total
-------------------------+-------+-------+-------+-------++-------
Melee: Hand axe          |    57 |   123 |    44 |    31 ||   255
       War axe           |       |       |   195 |   121 ||   316
Invok: Berserk           |     2 |     1 |     2 |     2 ||     7
       Trog's Hand       |     1 |     1 |     2 |     4 ||     8
  Use: Scroll            |       |     8 |     7 |       ||    15
  Eat: Chunk             |     2 |     7 |     4 |     5 ||    18
       Fruit             |       |       |     3 |       ||     3
       Royal jelly       |       |       |     1 |     1 ||     2
       Meat ration       |       |       |     1 |       ||     1
       Bread ration      |       |       |       |     1 ||     1

Notes
Turn   | Place    | Note
--------------------------------------------------------------
     0 | D:1      | hexophile the Minotaur Berserker began the quest for the Orb.
     0 | D:1      | Reached XP level 1. HP: 19/19 MP: 0/0
   245 | D:1      | Reached skill level 4 in Axes
   291 | D:1      | Reached XP level 2. HP: 10/26 MP: 1/1
   887 | D:2      | Found a bloodstained altar of Trog.
   952 | D:2      | Reached skill level 5 in Axes
  1212 | D:2      | Reached XP level 3. HP: 27/31 MP: 2/2
  1214 | D:2      | Reached ** piety under Trog
  1337 | D:3      | Noticed PinkishYellow's ghost (weakling TeSu)
  1342 | D:3      | Killed PinkishYellow's ghost
  1342 | D:3      | Reached XP level 4. HP: 40/40 MP: 3/3
  1371 | D:3      | Reached skill level 4 in Fighting
  1621 | D:3      | Reached skill level 6 in Axes
  1658 | D:3      | Found a shimmering altar of Xom.
  1818 | D:3      | Reached XP level 5. HP: 38/47 MP: 4/4
  1974 | D:4      | Found a blossoming altar of Fedhas.
  2012 | D:4      | Noticed Dowan
  2013 | D:4      | Noticed Duvessa
  2020 | D:4      | Killed Dowan
  2023 | D:4      | Killed Duvessa
  2023 | D:4      | Reached skill level 5 in Fighting
  2023 | D:4      | Reached skill level 7 in Axes
  2023 | D:4      | Reached XP level 6. HP: 16/56 MP: 5/5
  2127 | D:5      | Entered Level 5 of the Dungeon
  2397 | D:5      | Noticed Eustachio
  2419 | D:5      | Killed Eustachio
  2419 | D:5      | Reached skill level 8 in Axes
  2434 | D:5      | Found a bloodstained altar of Trog.
  2517 | D:5      | Reached *** piety under Trog
  2547 | D:5      | Reached XP level 7. HP: 62/62 MP: 6/6
  2693 | D:5      | Reached skill level 6 in Fighting
  2693 | D:5      | Reached skill level 9 in Axes
  2796 | D:5      | Found a sacrificial altar of Ru.
  2799 | D:5      | Found a glowing silver altar of Zin.
  2800 | D:5      | Found a bloodstained altar of Trog.
  2809 | D:5      | Found a sparkling altar of Nemelex Xobeh.
  2836 | D:5      | Found a deep blue altar of Sif Muna.
  3095 | D:6      | Found Duthrem's Book Emporium.
  3169 | D:6      | Found an ancient bone altar of Kikubaaqudgha.
  3297 | D:6      | Found a staircase to the Ecumenical Temple.
  3349 | D:6      | Found a radiant altar of Vehumet.
  3586 | D:7      | Reached skill level 7 in Fighting
  3586 | D:7      | Reached skill level 10 in Axes
  3586 | D:7      | Reached XP level 8. HP: 64/73 MP: 7/7
  3668 | D:7      | Found a sparkling altar of Nemelex Xobeh.
  3768 | D:7      | You fall through a shaft for 2 floors!
  3782 | D:9      | Reached skill level 11 in Axes
  3805 | D:9      | Noticed a two-headed ogre
  3816 | D:9      | Reached skill level 8 in Fighting
  3819 | D:9      | Killed a two-headed ogre
  3819 | D:9      | Reached skill level 12 in Axes
  3823 | D:9      | Reached XP level 9. HP: 46/82 MP: 8/8
  3830 | D:9      | Reached **** piety under Trog
  3830 | D:9      | Reached skill level 9 in Fighting
  4255 | D:9      | Reached skill level 13 in Axes
  4497 | D:9      | Found a sacrificial altar of Ru.
  4890 | D:9      | Got a transparent lead ring
  5000 | D:10     | Entered Level 10 of the Dungeon
  5212 | D:10     | Noticed a gargoyle
  5215 | D:10     | Reached skill level 10 in Fighting
  5222 | D:10     | Killed a gargoyle
  5222 | D:10     | Reached skill level 14 in Axes
  5223 | D:10     | Reached XP level 10. HP: 93/93 MP: 9/9
  5565 | D:10     | Got a fine iron amulet
  5670 | D:10     | Reached skill level 3 in Armour
  5871 | D:10     | Found Goostrem's Magic Scroll Emporium.
  6066 | D:10     | Reached skill level 3 in Dodging
  6155 | D:11     | Noticed a green ugly thing
  6166 | D:11     | Killed a green ugly thing
  6166 | D:11     | Reached skill level 4 in Armour
  6166 | D:11     | Reached skill level 4 in Dodging
  6192 | D:11     | Found a frozen archway.
  6215 | IceCv    | Entered an ice cave
  6223 | IceCv    | Reached skill level 5 in Armour
  6251 | IceCv    | Reached skill level 5 in Dodging
  6269 | IceCv    | Reached ***** piety under Trog
  6276 | IceCv    | Reached skill level 6 in Armour
  6505 | IceCv    | Reached skill level 6 in Dodging
  6579 | IceCv    | Reached skill level 7 in Armour
  6595 | IceCv    | Noticed an ice dragon
  6600 | IceCv    | Noticed an ice dragon
  6610 | IceCv    | Killed from afar by an ice dragon

Table legend:
 A = Turns spent in this place as a percentage of turns spent in the entire game.
 B = Non-inter-level travel turns spent in this place as a percentage of non-inter-level travel turns spent in the entire game.
 C = Inter-level travel turns spent in this place as a percentage of turns spent in this place.
 D = Turns resting spent in this place as a percentage of non-inter-level travel turns spent in this place.
 E = Turns spent auto-exploring this place as a percentage of non-inter-level travel turns spent in this place.
 F = Non-inter-level travel turns spent in this place divided by the number of levels of this place that you've seen.
                   A       B       C       D       E      F
               +-------+-------+-------+-------+-------+----------------------
         Total | 100.0 | 100.0 |   0.6 |   2.4 |  12.0 | 178.9
       Dungeon |  91.0 |  91.0 |   0.7 |   1.8 |  13.0 | 179.0
      Ice Cave |   9.0 |   9.0 |   0.0 |   7.9 |   1.7 | 178.0
               +-------+-------+-------+-------+-------+----------------------

Table legend:
 A = Kills in this place as a percentage of kills in entire the game.
 B = Kills by you in this place as a percentage of kills by you in the entire game.
 C = Kills by friends in this place as a percentage of kills by friends in the entire game.
 D = Other kills in this place as a percentage of other kills in the entire game.
 E = Experience gained in this place as a percentage of experience gained in the entire game.
 F = Experience gained in this place divided by the number of levels of this place that you have seen.
                   A       B       C       D       E      F
               +-------+-------+-------+-------+-------+----------------------
         Total | 100.0 | 100.0 |  -nan |  -nan | 100.0 | 946.4
       Dungeon |  91.3 |  91.3 |  -nan |  -nan |  72.2 | 751.8
      Ice Cave |   8.7 |   8.7 |  -nan |  -nan |  27.8 | 2892.0
               +-------+-------+-------+-------+-------+----------------------

Vanquished Creatures
  An ugly thing (D:11)
  2 ice statues (IceCv)
  A gargoyle (D:10)
  A troll (D:10)
  A two-headed ogre (D:9)
  5 yaks (D:9)
  2 hungry ghosts
  Eustachio (D:5)
  A hippogriff (D:11)
  Duvessa (D:4)
  A phantom (D:10)
  2 orc warriors
  3 ogres
  17 ice beasts
  4 centaurs
  3 sky beasts
  2 big kobolds (D:9)
  A wyvern zombie (D:9)
  A scorpion (D:9)
  Dowan (D:4)
  5 killer bees (D:9)
  A centaur zombie (D:9)
  A giant frog zombie (D:10)
  A quasit (D:7)
  The ghost of PinkishYellow the Caller, a weakling TeSu (D:3)
  2 crimson imps
  3 hounds
  3 orc priests
  3 jellies
  2 orc wizards
  An iguana (D:10)
  3 worker ants
  A hound skeleton (D:10)
  4 adders
  4 gnolls (D:3)
  2 worker ant zombies
  12 white imps (D:11)
  2 shadow imps
  An ooze (D:7)
  A worm (D:2)
  7 giant geckos
  22 orcs
  2 giant cockroaches
  9 hobgoblins
  12 jackals
  3 quokkas
  A ball python (D:1)
  2 bats
  A giant gecko zombie (D:6)
  4 giant newts
  8 goblins
  16 kobolds
  4 rats
195 creatures vanquished.
